 Dungeon Crawl Stone Soup version 0.30.1-11-g7821555f0a (webtiles) character file.

Game seed: 16314651160438089811

196 Cheops the Cudgeller (level 5, 0/54 HPs)
             Began as an Ogre Fighter on Dec 10, 2023.
             Was an Initiate of Okawaru.
             Slain by Sigmund
             ... wielding a +0 scythe
              (10 damage)
             ... on level 3 of the Dungeon.
             The game lasted 00:04:35 (2984 turns).

Cheops the Cudgeller (Ogre Fighter)                 Turns: 2984, Time: 00:04:36

Health: 0/54       AC:  5    Str: 22    XL:     5   Next: 75%
Magic:  6/6        EV:  8    Int:  9    God:    Okawaru [......]
Gold:   106        SH:  7    Dex:  8    Spells: 4/4 levels left

rFire   . . .        a - +0 flail
rCold   . . .        c - +0 kite shield
rNeg    . . .        j - +1 robe {Will+}
rPois   .            (helmet restricted)
rElec   .            f - +0 cloak
rCorr   .            (gloves unavailable)
SInv    .            (boots unavailable)
Will    +....        (no amulet)
Stlth   +            (no ring)
HPRegen 0.29/turn    (no ring)
MPRegen 0.10/turn

%: no passive effects
@: no status effects
A: large, unfitting armour, tough skin 1
a: Renounce Religion


You were on level 3 of the Dungeon.
You worshipped Okawaru.
Okawaru was noncommittal.
You visited 1 branch of the dungeon, and saw 3 of its levels.

You collected 106 gold pieces.

Inventory:

Hand Weapons
 a - a +0 flail (weapon)
 b - a +0 dire flail
Missiles
 k - 4 boomerangs (quivered)
Armour
 c - a +0 kite shield (worn)
 f - a +0 cloak (worn)
 j - a +1 robe of willpower (worn)
Scrolls
 e - 2 scrolls of identify {unknown}
 i - a scroll of immolation {unknown}
 l - 2 scrolls of magic mapping
 n - a scroll of teleportation {unknown}
 p - a scroll of butterflies {unknown}
 q - a scroll of torment {unknown}
 r - 2 scrolls of fog {unknown}
Potions
 d - 2 potions of might
 g - 4 potions of magic {unknown}
 h - 2 potions of resistance {unknown}
 m - 2 potions of invisibility
 o - a potion of brilliance {unknown}
 s - a potion of heal wounds {unknown}


   Skills:
 - Level 4.0 Fighting
 * Level 4.9 Maces & Flails
 - Level 2.6 Dodging
 - Level 3.0 Shields
 + Level 1.8 Invocations


You had 4 spell levels left.
You didn't know any spells.
Your spell library was empty.

Dungeon Overview and Level Annotations

Branches:
Dungeon (3/15)

Altars:
Dithmenos
Okawaru

Shops:
D:3 :

Annotations:
D:3 1 runed translucent door, Crazy Yiuf, Sigmund


Innate Abilities, Weirdness & Mutations

You are too large for most types of armour.
You have tough skin. (AC +1)


Message History

Sigmund is heavily wounded.
Sigmund hits you with a +0 scythe!
* * * LOW HITPOINT WARNING * * *
You closely miss Sigmund.
Sigmund is heavily wounded.
You block Sigmund's attack.
You barely miss Sigmund.
Sigmund is heavily wounded.
You barely miss Sigmund.
Sigmund is heavily wounded.
Sigmund barely misses you.
You hit Sigmund but do no damage.
Sigmund is heavily wounded.
You block Sigmund's attack.
You barely miss Sigmund.
Sigmund is heavily wounded.
Sigmund hits you with a +0 scythe.
* * * LOW HITPOINT WARNING * * *
You closely miss Sigmund.
Sigmund is heavily wounded.
Sigmund mumbles some strange words.
Sigmund flickers and vanishes!
Deactivating autopickup; reactivate with Ctrl-A.
You closely miss something.
You hear some strange, mumbled words.
A puff of flame appears from out of thin air!
The puff of flame hits you!
* * * LOW HITPOINT WARNING * * *
You miss something. Something hits you.
* * * LOW HITPOINT WARNING * * *
You closely miss something. Something hits you but does no damage.
You sock something! Something hits you.
* * * LOW HITPOINT WARNING * * *
You closely miss something. Something hits you!
* * * LOW HITPOINT WARNING * * *
You closely miss something. You closely miss something. Something hits you.
* * * LOW HITPOINT WARNING * * *
You closely miss something. Something hits you!
You die...

.....# #.......)...#
#...#♣..♣. .....#
#######.....# ###**♣♣♣.♣
.....# #.....# ♣♣♣
.....### #..÷..#
.......#########.....#
######
..........@......÷÷..#
#'##.##
.......#########.....#
#.##..# .......##
#.{...# #.###..
........########@....#
#.# ###
.........##..........#
#.# ##
.......#.##.......##.#
#.# ##.
##.#####.##.......##.#
#.###§§
...#****.##.......##.#
#.##§§§
..^.,,,,.............#
#...§§§
#####***##.........###
#...... ,,,* #.###.#...#
#...... ,*,*
#.###.#.##########.##§§§


There were no monsters in sight!

Vanquished Creatures
  Terence (D:3)
  Robin (D:3)
  3 gnolls (D:2)
  4 adders
  2 worms (D:3)
  2 dart slugs (D:2)
  7 ball pythons
  6 bats
  6 endoplasms
  A giant cockroach (D:3)
  11 goblins
  12 hobgoblins
  2 jackals (D:3)
  3 kobolds
  7 quokkas
  4 frilled lizards
  5 rats
77 creatures vanquished.

Notes
Turn   | Place    | Note
-------+----------+-------------------------------------------
     0 | D:1      | Cheops the Ogre Fighter began the quest for the Orb.
     0 | D:1      | Reached XP level 1. HP: 24/24 MP: 1/1
    17 | D:1      | Found a faded altar of an unknown god.
    68 | D:1      | Reached XP level 2. HP: 28/32 MP: 2/2
   382 | D:1      | Reached XP level 3. HP: 39/39 MP: 3/3
   995 | D:2      | You fall into a shaft and drop 1 floor!
  1038 | D:3      | Noticed Robin
  1062 | D:3      | Killed Robin
  1063 | D:3      | Reached XP level 4. HP: 10/48 MP: 4/4
  1068 | D:3      | Found an iron altar of Okawaru.
  1306 | D:3      | Became a worshipper of Warmaster Okawaru
  1475 | D:3      | Noticed Sigmund
  1869 | D:2      | Reached XP level 5. HP: 54/54 MP: 5/5
  1877 | D:2      | Reached skill level 1 in Invocations
  2476 | D:3      | Found a shadowy altar of Dithmenos.
  2561 | D:3      | Found a runed translucent door.
  2562 | D:3      | Noticed Crazy Yiuf
  2632 | D:3      | Noticed Terence
  2647 | D:3      | Killed Terence
  2800 | D:3      | Found Tekkisk's Book Shoppe.
  2984 | D:3      | Slain by Sigmund

Illustrated notes

Levels and vault maps discovered:
D:1:      lightli_arrival_noodles, layout_loops_ring,
          chequers_ecumenical_altar_simple_redux
D:2:      layout_basic
D:3:      layout_basic, nicolae_dithmenos_the_darkroom, old_standard_altar,
          serial_shops, nicolae_shop_rolling_square, uniq_terence,
          uniq_crazy_yiuf_cottage, uniq_robin, uniq_jessica, uniq_sigmund

Skill      XL: |  1  2  3  4  5 |
---------------+----------------+-----
Maces & Flails | 2 3 4 |  4.9
Invocations    | 1 |  1.8
Fighting       | |  4.0
Dodging        | |  2.6
Shields        | |  3.0

Action                     |  1- 3 |  4- 6 || total
---------------------------+-------+-------++-------
  Melee: Flail             |   111 |   188 ||   299
    Use: Scroll            |       |     1 ||     1
   Stab: Sleeping          |     1 |       ||     1
 Armour: Robe              |    53 |    61 ||   114
  Dodge: Dodged            |    51 |    72 ||   123
  Block: Kite shield       |    53 |    80 ||   133
